 Dungeon Crawl Stone Soup version 0.26.1-2-gb8aa6d0cf2 (webtiles) character file.

Game seed: 13249495409125329883

249 Gabide the Chucker (level 6, 0/45 HPs)
             Began as a Human Hunter on Mar 1, 2021.
             Was a Follower of Zin.
             Slain by a worm (10 damage)
             ... on level 3 of the Dungeon.
             The game lasted 00:09:51 (4489 turns).

Gabide the Chucker (Human Hunter)                   Turns: 4489, Time: 00:09:51

Health: 0/45       AC:  0    Str: 14    XL:     6   Next: 34%
Magic:  6/6        EV: 16    Int: 11    God:    Zin [*.....]
Gold:   85         SH:  0    Dex: 14    Spells: 5/5 levels left

rFire    . . .     SeeInvis .     - Unarmed
rCold    . . .     Faith    .   (shield currently unavailable)
rNeg     . . .     Spirit   .   (armour currently unavailable)
rPois    .         Reflect  .   (helmet currently unavailable)
rElec    .         Harm     .   (cloak currently unavailable)
rCorr    .         Rampage  .   (gloves currently unavailable)
Will     .....                  (boots currently unavailable)
Stlth    ++........             i - amulet of magic regeneration
HPRegen  0.15/turn              (ring currently unavailable)
MPRegen  0.35/turn              (ring currently unavailable)

@: pig-form (expiring), very quick
A: small
a: Renounce Religion, Recite, Donate Gold


You were on level 3 of the Dungeon.
You worshipped Zin.
Zin was aware of your devotion.
You were a filthy swine.
You visited 1 branch of the dungeon, and saw 4 of its levels.

You collected 155 gold pieces.
You donated 70 gold pieces to Zin.

Inventory:

Hand Weapons
 a - a +0 short sword
Missiles
 p - 3 boomerangs (quivered)
Armour
 b - a +0 leather armour (melded)
 k - a +0 pair of gloves (melded)
 q - a +2 pair of boots of rampaging (melded)
Jewellery
 c - a ring of protection from cold (melded)
 i - an amulet of magic regeneration (around neck)
 n - a +6 ring of strength (melded)
Scrolls
 e - 2 scrolls of identify
 j - a scroll of amnesia
 l - 2 scrolls of remove curse
Potions
 f - a potion of brilliance
 g - a potion of lignification
 h - 4 potions of heal wounds


   Skills:
 + Level 2.3 Fighting
 + Level 4.9 Throwing
 + Level 2.0 Armour
 * Level 3.2 Dodging
 - Level 1.0 Stealth
 * Level 3.2 Unarmed Combat
 + Level 0.1 Invocations


You had 5 spell levels left.
You didn't know any spells.
Your spell library was empty.

Dungeon Overview and Level Annotations

Branches:
Dungeon (4/15)
 Temple: D:4-7

Altars:
Dithmenos
Zin

Annotations:
D:4 Grinder


Message History

You hit Grinder.
Grinder is almost dead.
Grinder gestures at you. Pain shoots through your body! The worm bites you.
You hit Grinder.
Grinder is almost dead.
Your transformation is almost over.
Grinder barely misses you.
You hit Grinder.
Grinder is almost dead.
The worm bites you. Grinder hits you.
* * * LOW HITPOINT WARNING * * *
You writhe in agony.
* * * LOW HITPOINT WARNING * * *
Grinder blinks!
There is a stone staircase leading up here.
You climb upwards.
There is a stone staircase leading down here.
The worm bites you!
You die...

#.............# ##
##.###########.# .# ########...#
#.# .# #........#.# #.##### .#
#.######...##### #...... .# #.#
#........§.# ####### .# #.#
#.######._§# .# #.# #.# ####..§##
.### #.# #.# #>h....§# ...# #.#
#.# #w##.##.# .#.# #.#
#.###.##.##.# .#.# #.#
#........##.#
.#.####.###..##.#####.###########
.............##.###.(...........#
.............................##.#
...<.##.####.######.##.......##..
......[.# #.# #.#.........#..


You could see a worm.

Vanquished Creatures
  A howler monkey (D:4)
  2 orc wizards (D:3)
  Ijyb (D:3)
  A worker ant (D:4)
  4 adders
  An ooze (D:3)
  A worm (D:2)
  A dart slug (D:1)
  6 leopard geckos
  3 orcs (D:3)
  3 bats
  A giant cockroach (D:1)
  7 goblins
  8 hobgoblins
  2 quokkas
  A ball python (D:4)
  3 frilled lizards
  9 kobolds
  A quokka skeleton (D:4)
  6 rats
62 creatures vanquished.

Notes
Turn   | Place    | Note
-------+----------+-------------------------------------------
     0 | D:1      | Gabide the Human Hunter began the quest for the Orb.
     0 | D:1      | Reached XP level 1. HP: 16/16 MP: 1/1
   308 | D:1      | Reached XP level 2. HP: 10/22 MP: 2/2
  1079 | D:1      | Reached XP level 3. HP: 23/27 MP: 3/3
  2144 | D:2      | Found a glowing silver altar of Zin.
  2151 | D:2      | Became a worshipper of Zin the Law-Giver
  2231 | D:2      | Reached skill level 1 in Armour
  2231 | D:2      | Reached skill level 1 in Unarmed Combat
  2231 | D:2      | Reached XP level 4. HP: 33/33 MP: 4/4
  2805 | D:3      | Reached * piety under Zin
  2875 | D:3      | Noticed Ijyb
  2894 | D:3      | Killed Ijyb
  2914 | D:3      | Reached XP level 5. HP: 19/38 MP: 5/5
  3582 | D:3      | Donated 55 gold pieces to Zin
  3929 | D:3      | Found a shadowy altar of Dithmenos.
  4125 | D:3      | Reached XP level 6. HP: 45/45 MP: 6/6
  4209 | D:4      | Noticed Grinder
  4460 | D:4      | Paralysed by Grinder for 3 turns
  4489 | D:3      | Slain by a worm

Illustrated notes

Levels and vault maps discovered:
D:1:      dpeg_arrival_morbid_curiosity, layout_loops_ring,
          minmay_misc_feat_cross
D:2:      layout_basic, nicolae_overflow_crystal_walls, grunt_decor_resistance
D:3:      layout_loops_ring, grunt_dithmenos_smoke, uniq_ijyb
D:4:      layout_layer_cave, small_statue_intersection, hex_medium, uniq_grinder

Skill      XL: |  1  2  3  4  5  6 |
---------------+-------------------+-----
Armour         | 1 2 |  2.0
Unarmed Combat | 1 2 3 |  3.2
Dodging        | 3 |  3.2
Fighting       | |  2.3
Throwing       | |  4.9
Stealth        | |  1.0
Invocations    | |  0.1

Action                   |  1- 3 |  4- 6 || total
-------------------------+-------+-------++-------
Melee: Short sword       |    12 |       ||    12
       Unarmed           |    96 |   184 ||   280
       Punch             |       |     3 ||     3
Throw: Javelin           |    27 |    21 ||    48
       Throwing net      |       |     4 ||     4
       Boomerang         |       |    13 ||    13
Invok: Recite            |       |     1 ||     1
       Donate Gold       |       |     1 ||     1
  Use: Scroll            |     2 |     5 ||     7
       Potion            |       |     1 ||     1
 Stab: Sleeping          |       |     3 ||     3
       Confused          |       |     1 ||     1
Armor: Leather armour    |    21 |    41 ||    62
       Skin              |       |    10 ||    10
Dodge: Dodged            |    76 |   127 ||   203
